AoeStats
← el_fercho143

Golden Pit

509664871Analyzed
1v1 RM · 5d ago on Sep 27, 2026· 48m 21s· 2 players
Game mode
Random Map
Map size
Tiny (2 player)
Population
200
Speed
Normal
Resources
Standard
Victory
Conquest
Starting age
Dark Age
Ending age
Imperial Age
RankedLock teamsTeams togetherTeam positionsShared explorationLock speedFull tech treeHidden civsTurbo modeCheats
Victory
Defeat
🇧🇷 Khmer · Brazil
822
+15
🇪🇸 Byzantines · Spain
798
-15
el_fercho143
6:04 Loom
11:36 Feudal Age
19:00 Double-Bit Axe
23:40 Castle Age
21:35 Fletching
21:56 Forging
22:46 Horse Collar
24:11 Wheelbarrow
23:40 Padded Archer Armor
23:50 Scale Mail Armor
23:57 Crossbowman
24:26 Pikeman
30:52 Squires
30:38 Gambesons
35:07 Imperial Age
34:36 Ballistics
34:42 Murder Holes
37:26 Chemistry
37:16 Bodkin Arrow
37:37 Leather Archer Armor
37:58 Iron Casting
37:18 Elite Skirmisher
39:29 Thumb Ring
39:14 Arbalester
40:38 Bow Saw
40:31 Heavy Plow
43:14 Bracer
45:34 Halberdier
druciaki
5:41 Loom
11:56 Feudal Age
16:09 Castle Age
14:09 Double-Bit Axe
14:18 Gold Mining
15:34 Scale Barding Armor
17:08 Horse Collar
21:10 Husbandry
22:48 Stone Mining
23:35 Gold Shaft Mining
23:42 Bloodlines
25:13 Chain Barding Armor
26:55 Bow Saw
28:01 Wheelbarrow
30:42 Imperial Age
31:41 Light Cavalry
33:23 Elite Battle Elephant
35:33 Chemistry
36:25 Conscription
36:51 Ballistics
37:56 Double Crossbow
38:48 Hand Cart
39:28 Elite Ballista Elephant
43:54 Masonry
43:56 Fortified Wall
44:17 Chain Barding Armor
Connection lost

Rejoining the realm…

Still unreachable

The connection could not be restored.

Session expired

The server has moved on; the page needs a fresh start.